 Dungeon Sprint DCSS version 0.19-a0-1532-g228a5d9 (webtiles) character file.

540 poirepourri the Unseen (level 7, -5/32 HPs)
             Began as a Spriggan Enchanter on Sept 13, 2016.
             Was a Believer of Dithmenos.
             Killed from afar by a burning bush (10 damage)
             ... with a puff of flame
             ... in the Dungeon (Sprint IV: "Fedhas' Mad Dash").
             The game lasted 00:02:06 (593 turns).

poirepourri the Unseen (Spriggan Enchanter)          Turns: 593, Time: 00:02:07

Health: -5/32      AC:  3    Str:  4    XL:     7   Next: 5%
Magic:  1/17       EV: 25    Int: 16    God:    Dithmenos [**....]
Gold:   113        SH:  0    Dex: 19    Spells: 4 memorised, 9 levels left

rFire  . . .     SeeInvis +     a - +1 dagger
rCold  . . .     Gourm    .     b - +1 robe
rNeg   . . .     Faith    .     (shield restricted)
rPois  .         Spirit   .     (helmet restricted)
rElec  .         Dismiss  .     (no cloak)
rCorr  .         Reflect  .     (gloves unavailable)
MR     +....     Harm     .     (boots unavailable)
Stlth  +++++++++. NoTele   +    i - amulet of invisibility {+Inv}
                                (no ring)
                                (no ring)

@: very slightly contaminated, wreathed by umbra, invisible, very quick
A: unfitting armour, see invisible, herbivore 3, speed 3, slow metabolism 2
a: Shadow Step, Renounce Religion, Turn Visible


You were in the Dungeon.
You worshipped Dithmenos.
Dithmenos was pleased with you.
You were hungry.

You visited 1 branch You collected 113 gold pieces.

Inventory:

Hand Weapons
 a - a +1 dagger (weapon)
Armour
 b - a +1 robe (worn)
Jewellery
 i - the amulet of invisibility (around neck) {+Inv}
   (You found it in the Dungeon)

   [amulet of nothing]

   It lets you turn invisible.
Scrolls
 j - a scroll of blinking
Books
 c - a book of Maledictions

   Spells                             Type                      Level
   a - Corona                         Hexes                        1
   b - Ensorcelled Hibernation        Hexes/Ice                    2
   c - Confuse                        Hexes                        3
   d - Tukima's Dance                 Hexes                        3
   e - Dazzling Spray                 Conjuration/Hexes            3
Comestibles
 d - a bread ration


   Skills:
 + Level 0.4 Fighting
 + Level 4.2 Short Blades
 + Level 8.4 Dodging
 + Level 16.2 Stealth
 + Level 6.1 Spellcasting
 + Level 6.5 Hexes
 + Level 3.0 Ice Magic
 + Level 3.2 Evocations


You had 9 spell levels left.
You knew the following spells:

 Your Spells              Type           Power        Failure   Level  Hunger
a - Corona                Hex            ####...      1%          1    None
b - Ensorcelled Hibernat  Hex/Ice        ###...       3%          2    #......
c - Confuse               Hex            ####....     2%          3    ##.....
d - Tukima's Dance        Hex            ####....     2%          3    ##.....


Dungeon Overview and Level Annotations

Branches:
Dungeon (1/1)

Altars:
Cheibriados
Dithmenos
Elyvilon
Gozag
Hepliaklqana
Kikubaaqudgha
Makhleb
Nemelex Xobeh
Okawaru
Qazlal
Ru
Sif Muna
Trog
Uskayaw
Vehumet
Xom
Yredelemnul
Zin
The Shining One
Beogh
Jiyva
Lugonu

Shops:
D [*


Innate Abilities, Weirdness & Mutations

You are tiny and cannot use many weapons and most armour.
You have supernaturally acute eyesight. (SInv)
You are a herbivore.
You cover ground extremely quickly.
You need consume almost no food.


Message History

The burning bush easily resists.
The burning bush throws fire at you. The puff of flame misses you.
The burning bush throws fire at you. The puff of flame hits you!
* * * LOW HITPOINT WARNING * * *
You see here a scorpion corpse.
Casting: Confuse
Confirm with . or Enter, or press ? or * to list all spells.
Aiming: Confuse
Press: ? - help, Shift-Dir - straight line, f/p - burning bush
Aim: a burning bush (umbra, chance to defeat MR: 37%)
The burning bush easily resists.
You aren't carrying any potions.
Casting: Confuse
Confirm with . or Enter, or press ? or * to list all spells.
Okay, then.
The burning bush throws fire at you. The puff of flame hits you!
You die...

####################
._._.⌠.#..'.).#.†..#
_._._..'..#...#.@.P+
._._...#..###'##.[!#
_._._..#.[##∩∩.'..f#
._._.⌠.#############
########


You could see a wandering mushroom and a burning bush.

Vanquished Creatures
  A wandering mushroom (D)
  2 scorpions (D)
  4 oklob saplings (D)
  A worker ant (D)
  2 spriggans (D)
  A river rat (D)
  A rat (D)
12 creatures vanquished.

Notes
Turn   | Place    | Note
-------+----------+-------------------------------------------
     0 | D        | poirepourri the Spriggan Enchanter began the quest for the Orb.
     0 | D        | Reached XP level 1. HP: 9/9 MP: 5/5
    13 | D        | Reached skill level 7 in Stealth
    13 | D        | Reached XP level 2. HP: 13/13 MP: 4/6
    92 | D        | Learned a level 2 spell: Ensorcelled Hibernation
    94 | D        | Noticed an oklob sapling
    96 | D        | Killed an oklob sapling
    96 | D        | Reached skill level 5 in Dodging
    96 | D        | Reached skill level 9 in Stealth
    96 | D        | Reached XP level 3. HP: 16/16 MP: 8/8
   101 | D        | Reached skill level 10 in Stealth
   120 | D        | Learned a level 3 spell: Confuse
   123 | D        | Noticed an oklob sapling
   126 | D        | Killed an oklob sapling
   126 | D        | Reached skill level 11 in Stealth
   126 | D        | Reached XP level 4. HP: 21/21 MP: 9/9
   138 | D        | Found an opulent altar of Gozag.
   138 | D        | Found a hazy altar of Hepliaklqana.
   138 | D        | Found a burning altar of Makhleb.
   138 | D        | Found a roughly hewn altar of Beogh.
   138 | D        | Found a sparkling altar of Nemelex Xobeh.
   138 | D        | Found a snail-covered altar of Cheibriados.
   138 | D        | Found a sacrificial altar of Ru.
   138 | D        | Found a deep blue altar of Sif Muna.
   138 | D        | Found a shimmering altar of Xom.
   138 | D        | Found a basalt altar of Yredelemnul.
   139 | D        | Found a viscous altar of Jiyva.
   139 | D        | Found a bloodstained altar of Trog.
   140 | D        | Found an iron altar of Okawaru.
   140 | D        | Found a shadowy altar of Dithmenos.
   140 | D        | Found a glowing silver altar of Zin.
   141 | D        | Found a hide-covered altar of Uskayaw.
   141 | D        | Found an ancient bone altar of Kikubaaqudgha.
   142 | D        | Found a stormy altar of Qazlal.
   142 | D        | Found a glowing golden altar of the Shining One.
   142 | D        | Found a white marble altar of Elyvilon.
   143 | D        | Found a radiant altar of Vehumet.
   143 | D        | Found a corrupted altar of Lugonu.
   146 | D        | Reached skill level 13 in Stealth
   146 | D        | Reached XP level 5. HP: 24/24 MP: 10/10
   151 | D        | Became a worshipper of Dithmenos the Shadowed
   171 | D        | Reached skill level 14 in Stealth
   171 | D        | Reached skill level 1 in Evocations
   187 | D        | Learned a level 3 spell: Tukima's Dance
   244 | D        | Reached * piety under Dithmenos
   280 | D        | Reached skill level 15 in Stealth
   280 | D        | Reached skill level 1 in Ice Magic
   569 | D        | Found Byoti's General Store.
   569 | D        | Found Tuopink's Antique Armour Emporium.
   578 | D        | Noticed a burning bush
   578 | D        | Noticed a wandering mushroom
   582 | D        | Noticed a wandering mushroom
   584 | D        | Killed a wandering mushroom
   584 | D        | Reached skill level 16 in Stealth
   584 | D        | Reached skill level 5 in Spellcasting
   584 | D        | Reached XP level 6. HP: 29/29 MP: 9/15
   586 | D        | Reached ** piety under Dithmenos
   586 | D        | Reached XP level 7. HP: 23/32 MP: 9/17
   593 | D        | Killed from afar by a burning bush

Vault maps used:
D:        dungeon_sprint_fedhas

Skill      XL: |  1  2  3  4  5  6 |
---------------+-------------------+-----
Dodging        | 4 5 6 7 8 |  8.4
Stealth        | 7 9 11 13 16 | 16.2
Short Blades   | 2 4 |  4.2
Evocations     | 3 |  3.2
Spellcasting   | 5 6 |  6.1
Hexes          | 6 |  6.5
Ice Magic      | 2 3 |  3.0
Fighting       | |  0.4

Action                   |  1- 3 |  4- 6 |  7- 9 || total
-------------------------+-------+-------+-------++-------
Melee: Dagger            |     6 |    33 |       ||    39
 Cast: Corona            |     1 |       |       ||     1
       Ensorcelled Hiber |       |    16 |       ||    16
       Confuse           |       |       |     3 ||     3
 Abil: Evoke Invisibilit |       |     2 |       ||     2
  Use: Potion            |     1 |     5 |       ||     6
       Scroll            |     1 |       |       ||     1
 Stab: Sleeping          |     3 |     7 |       ||    10
Dodge: Dodged            |     1 |    30 |     2 ||    33
